 Seeded DCSS version 0.29-a0-214-g17f627cfee (webtiles) character file.

Game seed: 13219885370010268331 (custom seed)

2 Hubjo the Vexing (level 1, 0/13 HPs)
             Began as a Vampire Enchanter on Feb 24, 2022.
             Slain by an adder (5 damage)
             ... on level 2 of the Dungeon.
             The game lasted 00:00:33 (129 turns).

Hubjo the Vexing (Vampire Enchanter)                 Turns: 129, Time: 00:00:34

Health: 0/13       AC:  2    Str:  7    XL:     1   Next: 33%
Magic:  3/3        EV: 27    Int: 17    God:
Gold:   38         SH:  0    Dex: 14    Spells: 4/4 levels left

rFire   . . .      SeeInvis +   a - +1 dagger
rCold   . . .      Faith    .   (no shield)
rNeg    . . .      Spirit   .   b - +0 robe
rPois   .          Reflect  .   (no helmet)
rElec   .          Harm     .   (no cloak)
rCorr   .          Rampage  .   (no gloves)
Will    .....                   (no boots)
Stlth   +++.......              f - amulet of the acrobat
HPRegen 0.24/turn               (no ring)
MPRegen 0.08/turn               (no ring)

@: acrobatic, healing quickly
A: alive, fangs 3, see invisible, vampiric 1
a: Exsanguinate


You were on level 2 of the Dungeon.
You visited 1 branch of the dungeon, and saw 2 of its levels.

You collected 38 gold pieces.

Inventory:

Hand Weapons
 a - a +1 dagger (weapon)
Armour
 b - a +0 robe (worn)
Jewellery
 f - an amulet of the acrobat (around neck)
Scrolls
 d - a scroll of fear {unknown}
 e - a scroll of identify
 g - a scroll of brand weapon
Potions
 c - a potion of invisibility


   Skills:
 * Level 0.3 Fighting
 + Level 1.1 Short Blades
 + Level 2.2 Dodging
 * Level 4.4 Stealth
 - Level 2.0 Spellcasting
 + Level 4.4 Hexes


You had 4 spell levels left.
You didn't know any spells.
Your spell library contained the following spells:

 Spells                   Type           Power      Damage    Failure   Level
 Confusing Touch          Hex            16%        N/A       10%         3
 Tukima's Dance           Hex            16%        N/A       10%         3
 Ensorcelled Hibernation  Hex/Ice        18%        N/A       12%         2
 Dazzling Flash           Conj/Hex       18%        N/A       24%         3


Dungeon Overview and Level Annotations

Branches:
Dungeon (1/15)

Altars:

Shops:
D:1 :


Innate Abilities, Weirdness & Mutations

Your natural rate of healing is accelerated.
You have razor-sharp teeth.
You have supernaturally acute eyesight. (SInv)
You are afflicted with vampirism.


Message History

The shaft crumbles and collapses.
The helpless ball python fails to defend itself.
You puncture the ball python!
You kill the ball python!
Found 24 gold pieces.
HP restored.
Found an amulet of the acrobat.
You see here an amulet of the acrobat.
You start putting on your amulet.
You continue putting on your amulet of the acrobat. x5
You finish putting on your amulet of the acrobat.
You feel ready to tumble and roll out of harm's way.
f - an amulet of the acrobat (around neck)
You now have 26 gold pieces (gained 12).
You now have 38 gold pieces (gained 12).
You see here an amulet of the acrobat.
An adder comes into view.
An adder and a rat come into view.
The adder hisses angrily.
The adder completely misses you. The adder completely misses you.
Found a scroll labelled QISEGE BUACK.
The adder misses you. The adder bites you.
A hobgoblin comes into view.
The hobgoblin shouts!
The adder completely misses you. The adder bites you but does no damage.
The hobgoblin closely misses you.
The adder completely misses you. x2; The hobgoblin completely misses you.
The hobgoblin closely misses you. The adder completely misses you.
The hobgoblin hits you but does no damage.
You see here a scroll labelled QISEGE BUACK.
g - a scroll labelled QISEGE BUACK The adder bites you. x2; The hobgoblin barely misses you.
As you read the scroll labelled TAIHIA ICUICW, it crumbles to dust.
It is a scroll of identify.
g - a scroll of brand weapon The adder completely misses you.
The adder bites you.
The hobgoblin hits you but does no damage.
The adder bites you.
You die...

######......#
#.........#.#
#.####....#.#
.#.# #..#......
.....##..###.###
.......r.###.#
#..#.##.g....#
#.....SS######
#.##...@# #
###..# #..# ...#
##... .... ....
......


You could see 2 adders, a hobgoblin and a rat.

Vanquished Creatures
  An endoplasm (D:1)
  A ball python (D:2)
  A bat (D:1)
3 creatures vanquished.

Notes
Turn   | Place    | Note
-------+----------+-------------------------------------------
     0 | D:1      | Hubjo the Vampire Enchanter began the quest for the Orb.
     0 | D:1      | Reached XP level 1. HP: 13/13 MP: 3/3
    11 | D:1      | Found Arhuwn's Book Shop.
    69 | D:1      | You fall into a shaft and drop 1 floor!
   129 | D:2      | Slain by an adder

Illustrated notes

Levels and vault maps discovered:
D:1:      dpeg_arrival_tiny_d, layout_rooms, serial_shops, shop,
          dilly_ecumenical_altar_fadedgnrine, nicolae_wormholes
D:2:      layout_loops_cross, minmay_pentomino_r4

Action                   || total
-------------------------++-------
Melee: Dagger            ||     5
       Bite              ||     1
  Use: Scroll            ||     1
 Stab: Sleeping          ||     2
Armor: Robe              ||     4
Dodge: Dodged            ||    12

Table legend: (Time is in decaauts)
 A = Elapsed time spent in this place.
 B = Non-inter-level travel time spent in this place.
 C = Inter-level travel time spent in this place.
 D = Time resting spent in this place.
 E = Time spent auto-exploring this place.
 F = Levels seen in this place.
 G = Mean time per level.
                   A        B        C        D        E       F      G
               +--------+--------+--------+--------+--------+-----+--------+
         Total |    128 |    100 |     28 |      0 |     37 |   2 |   64.0 |
       Dungeon |    128 |    100 |     28 |      0 |     37 |   2 |   64.0 |
               +--------+--------+--------+--------+--------+-----+--------+

Top non-repeatable levels by time:
     D:1: 68 daAuts
     D:2: 59 daAuts
